 Dungeon Crawl Stone Soup version 0.24.0-1-gfbc8707 (webtiles) character file.

Game seed: 3404515913795503127, levelgen mode: deterministic

202585 KoboldVaak the Lord of Darkness (level 19, -11/116 HPs)
             Began as a Kobold Necromancer on Nov 3, 2019.
             Was the Champion of Kikubaaqudgha.
             Killed from afar by a crystal guardian (46 damage)
             ... with a crystal bolt
             ... on level 4 of the Vaults.
             The game lasted 03:03:54 (36619 turns).

KoboldVaak the Lord of Darkness (KoNe)             Turns: 36619, Time: 03:03:55

Health: -11/116    AC: 18    Str:  4    XL:     19   Next: 29%
Magic:  25/37      EV: 25    Int: 24    God:    Kikubaaqudgha [******]
Gold:   1282       SH: 15    Dex: 17    Spells: 3/47 levels left

rFire    . . .     SeeInvis .   a - +5 dagger (pain)
rCold    . . .     Gourm    .   D - +3 buckler {rN+}
rNeg     + . .     Faith    .   K - +2 robe {MR+}
rPois    +         Spirit   .   R - +2 helmet
rElec    .         Reflect  +   u - +2 cloak {rPois}
rCorr    .         Harm     .   t - +2 pair of gloves
MR       ++...                  x - +2 pair of boots
Stlth    ++++++....             N - +5 amulet of reflection
HPRegen  1.29/turn              p - ring of wizardry
MPRegen  0.25/turn              O - ring of wizardry

@: very slightly contaminated, regenerating
A: small, iridescent scales 1, agile 1, carnivore, weak 1
}: 1/15 runes: barnacled
a: Receive Corpses, Torment, Renounce Religion


You were on level 4 of the Vaults.
You worshipped Kikubaaqudgha.
Kikubaaqudgha was exalted by your worship.
You were full.

You visited 7 branches of the dungeon, and saw 33 of its levels.
You also visited: Sewer.

You collected 3311 gold pieces.
You spent 2029 gold pieces at shops.

Inventory:

Hand Weapons
 a - a +5 dagger of pain (weapon)
Missiles
 e - 4 curare-tipped darts (quivered)
Armour
 t - a +2 pair of gloves (worn)
 u - a +2 cloak of poison resistance (worn)
 x - a +2 pair of boots (worn)
 D - a +3 buckler of positive energy (worn)
 K - a +2 robe of magic resistance (worn)
 R - a +2 helmet (worn)
 S - a +1 troll leather armour
Jewellery
 p - a ring of wizardry (left hand)
 C - an uncursed ring of protection from cold
 N - a +5 amulet of reflection (around neck)
 O - a ring of wizardry (right hand)
 P - an uncursed ring of protection from cold
 X - the ring "Pocw" {rElec AC+1}
   (You found it on level 4 of the Lair of Beasts)

   [ring of protection]

   It affects your AC (+1).
   It insulates you from electricity.
 Y - an uncursed ring of resist corrosion
Wands
 A - a wand of enslavement (12)
 G - a wand of flame (32)
 I - a wand of iceblast (35)
 L - a wand of scattershot (5)
 M - a wand of clouds (8)
 W - a wand of paralysis (41)
 Z - a wand of digging (15)
Scrolls
 b - 3 scrolls of identify
 f - 8 scrolls of fear
 k - 5 scrolls of fog
 l - 11 scrolls of teleportation
 m - a scroll of vulnerability {unknown}
 o - 4 scrolls of blinking
 v - 4 scrolls of random uselessness {unknown}
 w - 2 scrolls of acquirement {unknown}
 y - 2 scrolls of immolation
 z - 3 scrolls of brand weapon {unknown}
 E - 3 scrolls of magic mapping
 F - a scroll of holy word {unknown}
 H - a scroll of silence {unknown}
 Q - a scroll of summoning {unknown}
 U - 6 scrolls of remove curse
Potions
 d - a potion of resistance
 g - 4 potions of flight
 h - 6 potions of haste
 i - 5 potions of brilliance
 j - 16 potions of curing
 n - 3 potions of magic
 r - 7 potions of heal wounds
 J - a potion of ambrosia
 T - 2 potions of cancellation
Miscellaneous
 q - a sack of spiders
 s - a lightning rod (4/4)
 B - a lamp of fire
 V - a crystal ball of energy
Comestibles
 c - 46 rations


   Skills:
 + Level 11.8 Fighting
 - Level 10.0 Short Blades
 - Level 6.0 Throwing
 + Level 12.8 Dodging
 + Level 14.9 Stealth
 - Level 5.6 Shields
 * Level 14.8 Spellcasting
 - Level 6.0 Conjurations
 - Level 6.0 Charms
 * Level 15.2 Necromancy
 + Level 12.5 Evocations


You had 3 spell levels left.
You knew the following spells:

 Your Spells              Type           Power        Failure   Level  Hunger
a - Pain                  Necr           ####         0%          1    None
b - Animate Skeleton      Necr           N/A          0%          1    None
c - Vampiric Draining     Necr           ######....   0%          3    None
d - Regeneration          Chrm/Necr      ######....   1%          3    None
e - Animate Dead          Necr           N/A          1%          4    None
f - Sublimation of Blood  Necr           ######....   0%          2    None
g - Corpse Rot            Necr           N/A          0%          2    None
h - Bolt of Draining      Conj/Necr      ######....   1%          5    ##.....
i - Dispel Undead         Necr           ######..     1%          5    ##.....
j - Infestation           Necr           ######....   11%         8    #######
k - Agony                 Necr           ######..     1%          5    ##.....
l - Aura of Abjuration    Summ           ###.......   22%         5    ##.....

Your spell library contained the following spells:

 Spells                   Type           Power        Failure   Level  Hunger
 Apportation              Tloc           ###...       1%          1    None
 Confusing Touch          Hex            ###...       1%          1    None
 Corona                   Hex            ###....      1%          1    None
 Summon Small Mammal      Summ           ###.         1%          1    None
 Slow                     Hex            ###.....     1%          2    None
 Confuse                  Hex            ###.....     2%          3    None
 Gell's Gravitas          Tloc           ###.......   2%          3    None
 Inner Flame              Hex/Fire       ###.....     2%          3    None
 Portal Projectile        Hex/Tloc       ###...       2%          3    None
 Recall                   Summ/Tloc      N/A          2%          3    None
 Excruciating Wounds      Chrm/Necr      ######....   1%          5    ##.....
 Simulacrum               Ice/Necr       ######....   6%          6    ####...
 Irradiate                Conj/Tmut      ####......   7%          5    ##.....
 Cause Fear               Hex            ###.......   9%          4    None
 Leda's Liquefaction      Hex/Erth       ###.......   9%          4    None
 Petrify                  Tmut/Erth      ###.....     9%          4    None
 Borgnjor's Revivificati  Necr           ######....   11%         8    #######
 Metabolic Englaciation   Hex/Ice        ###.......   22%         5    ##.....
 Summon Demon             Summ           ###.......   22%         5    ##.....
 Summon Forest            Summ/Tloc      ###.......   22%         5    ##.....
 Summon Mana Viper        Hex/Summ       ###.....     22%         5    ##.....
 Yara's Violent Unravell  Hex/Tmut       ###.......   22%         5    ##.....
 Haunt                    Necr/Summ      ######....   30%         7    ######.
 Death's Door             Chrm/Necr      ######....   54%         8    #######
 Hydra Form               Tmut           ###.......   73%         6    ####...
 Shadow Creatures         Summ           N/A          73%         6    ####...
 Statue Form              Tmut/Erth      ###......    73%         6    ####...
 Necromutation            Tmut/Necr      ######....   90%         8    #######
 Dragon Form              Tmut           ###.......   99%         7    ######.


Dungeon Overview and Level Annotations

Branches:
Dungeon (15/15)            Temple (1/1) D:4            Lair (6/6) D:10
 Shoals (4/4) Lair:3        Snake (0/4) Lair:3        Slime (0/5) Lair:6
    Orc (2/2) D:12            Elf (1/3) Orc:2        Vaults (4/5) D:14
  Crypt (0/3) Vaults:2     Depths (0/5) D:15          Sewer (visited)

Altars:
Ashenzari
Cheibriados
Dithmenos
Elyvilon
Fedhas
Gozag
Hepliaklqana
Kikubaaqudgha
Makhleb
Nemelex Xobeh
Qazlal
Sif Muna
Trog
Uskayaw
Vehumet
Wu Jian
Yredelemnul
Zin
The Shining One
Beogh
Jiyva

Shops:
D:4 %   D:5 =   D:7 [(}[%   D:12 }%*%   D:14 *   Orc:2 }}*!!   Shoals:4 ?
Vaults:1 (

Annotations:
D:1 exclusion: dart slug
D:2 exclusion: adder
D:7 Joseph
D:9 exclusion: two-headed ogre
D:10 2 runed translucent doors, exclusion: simulacrum, Erica; Hicwag's ghost, journeyman GrFi
D:14 Nessos
Shoals:1 2 transporters


Innate Abilities, Weirdness & Mutations

You are small and have problems with some larger weapons.
You are carnivorous and can eat meat at any time.
You are partially covered in iridescent scales. (AC +2)
You are agile. (Dex +2)
You are weak. (Str -2)


Message History

You stick the yaktaur captain but do no damage!
The yaktaur captain writhes in agony!!!
The yaktaur captain is heavily wounded!
The crystal guardian completely misses you!
The yaktaur captain barely misses you!
You perforate the yaktaur captain like a sieve!
The yaktaur captain is heavily wounded!
You block something's attack!
The yaktaur captain wields a +0 arbalest!
The yaktaur captain shoots a bolt!
The bolt hits you!!!!!! * * * don't die
* * * You see here a bolt!
Blink to where?
Press: ? - help, Dir - move target cursor You are very lightly contaminated with residual magic!
As you read the scroll of blinking, it crumbles to dust!
The crystal guardian fires a crystalline bolt at you!
The crystal bolt burns you!!!!!!!!! rip Kikubaaqudgha rasps: "You have failed me!!!
Welcome!!! death!!!"

#. ... +..
#!#.. ##.#
#.#.#
#.#.#.#{#
#..#.#c#
#.#.#8#
##.#ยง#.#
#..(#.#.#
#@...#.#..
#...#...#..
######+#####


You could see a yaktaur captain and a crystal guardian.

Vanquished Creatures
  Xtahua (Vaults:2)
  A tentacled monstrosity (D:14)
  Frances (D:12)
  The ghost of HaroldFreecs the Severer, a journeyman MiFi of Trog (Orc:2)
  A vault warden (Vaults:1)
  2 orc warlords
  An emperor scorpion (D:15)
  2 ironheart preservers
  A very ugly thing (Vaults:1)
  A stone giant (Vaults:3)
  The ghost of particleface the Basher, a journeyman DgFi (Orc:2)
  2 dire elephants
  An ettin (Orc:1)
  3 merfolk javelineers
  The ghost of Charmandara the Cruncher, a journeyman HuGl of Cheibriados (Orc:2)
  4 merfolk impalers
  A great orb of eyes (Vaults:1)
  An ice dragon (D:15)
  3 yaktaur captains
  Harold (D:8)
  A catoblepas (D:14)
  5 hydras
  A death knight (D:12)
  5 ogre magi
  10 two-headed ogres
  7 centaur warriors
  A tengu warrior (D:15)
  2 merfolk aquamancers
  3 death yaks (Lair:6)
  A skeletal warrior (D:12)
  A shadow wraith (Vaults:1)
  6 sea snakes
  An unseen horror (D:14)
  2 ironbrand convokers (Vaults:3)
  A phantasmal warrior (D:12)
  A deep troll (Vaults:3)
  An unseen horror (shapeshifter) (Vaults:1)
  Pikel (D:6)
  7 harpies
  5 orc knights
  8 orc sorcerers
  19 deep elf magi
  An orb spider (shapeshifter) (Vaults:4)
  2 cyclopes
  A wolf spider (Vaults:1)
  5 manticores
  20 ugly things
  4 fauns
  A black mamba (Lair:3)
  4 water nymphs
  2 merfolk sirens
  Maurice (D:11)
  4 spiny frogs
  A gargoyle (D:12)
  3 vault sentinels
  3 kobold demonologists (D:12)
  6 yaktaurs
  4 komodo dragons
  5 freezing wraiths
  12 merfolk
  A rime drake (Lair:3)
  A tengu conjurer (D:14)
  9 polar bears
  A troll (shapeshifter) (D:14)
  9 trolls
  2 wind drakes
  A raiju (Lair:6)
  3 hornets
  14 blink frogs
  9 snapping turtles
  A blink frog (shapeshifter) (D:14)
  9 hippogriffs
  2 slime creatures
  4 dream sheep
  2 wraiths
  29 yaks
  10 water elementals
  3 fire bats (Orc:1)
  A tarantella (shapeshifter) (D:15)
  2 vampires
  3 wyverns
  3 basilisks
  Eustachio (D:5)
  A steam dragon (D:11)
  7 vampire mosquitoes
  14 wargs
  A hungry ghost (D:8)
  A soldier ant (D:14)
  5 nagas (Lair:3)
  An acid dragon (Vaults:1)
  7 water moccasins
  6 hell hounds
  6 porcupines
  20 orc warriors
  4 sky beasts
  4 slaves (D:6)
  A necrophage (D:11)
  7 ice beasts
  A phantom (D:7)
  19 ogres
  9 black bears
  19 wolves
  4 boggarts
  6 centaurs
  10 crocodiles
  Blork the orc (D:5)
  4 big kobolds
  3 gnoll sergeants
  12 bullfrogs
  4 scorpions
  8 jellies
  A water moccasin skeleton (D:7)
  3 killer bees (D:11)
  6 electric eels
  3 wights (D:10)
  7 howler monkeys
  10 crimson imps
  3 bullfrog zombies
  2 quasits
  17 orc priests
  3 centaur zombies
  5 hounds
  43 orc wizards
  2 bullfrog skeletons
  3 centaur skeletons
  5 iguanas
  10 worker ants
  A hound zombie (D:6)
  A hound skeleton (D:4)
  10 adders
  15 gnolls
  2 river rats (Sewer)
  2 shadow imps
  15 oozes
  An adder zombie (D:9)
  2 adder skeletons
  3 worms
  A dart slug (D:3)
  6 leopard geckos
  81 orcs
  5 ball pythons
  7 giant cockroaches
  4 hobgoblins
  8 jackals
  15 kobolds
  A quokka (D:5)
  12 bats
  15 frilled lizards
  5 goblins
  A leopard gecko zombie (D:8)
  12 rats
851 creatures vanquished.

Vanquished Creatures (collateral kills)
  Frederick (Vaults:2)
  A tengu reaver (Vaults:1)
  2 frost giants
  6 vault wardens
  A stone giant (Vaults:3)
  2 ironheart preservers
  An ettin (Vaults:3)
  A merfolk javelineer (Shoals:4)
  3 yaktaur captains
  2 fire dragons
  A great orb of eyes (Vaults:3)
  3 ogre magi
  A rakshasa (Vaults:3)
  3 hydras (Lair:6)
  4 merfolk avatars
  3 centaur warriors
  2 merfolk aquamancers (Shoals:4)
  14 two-headed ogres
  A satyr (Shoals:4)
  A death yak (Lair:6)
  A deep elf knight (Vaults:2)
  A storm dragon skeleton (Vaults:2)
  5 sea snakes
  A deep elf archer (Vaults:2)
  An unseen horror (D:14)
  3 wolf spiders
  A harpy (shapeshifter) (Vaults:2)
  A necromancer (Vaults:2)
  A lindwurm (Lair:6)
  10 ironbrand convokers
  8 deep elf magi
  6 orc knights
  7 harpies
  A faun (Shoals:1)
  7 cyclopes
  2 manticores
  24 ugly things
  An elephant (D:10)
  4 merfolk sirens
  2 black mambas (Lair:6)
  2 spiny frogs
  5 vault sentinels
  3 centaur skeletons
  An efreet (D:14)
  A rime drake (Lair:1)
  A freezing wraith (Vaults:1)
  14 yaktaurs
  A komodo dragon (Lair:1)
  A human skeleton (Vaults:2)
  A queen bee (shapeshifter) (Vaults:1)
  2 trolls
  7 merfolk
  2 polar bears (Lair:6)
  A hornet (Vaults:3)
  4 raiju (Lair:6)
  10 blink frogs
  A slime creature (D:14)
  9 hippogriffs
  3 dream sheep
  3 snapping turtles
  4 water elementals
  A fire elemental (Lair:6)
  6 yaks
  A basilisk (shapeshifter) (Vaults:3)
  2 basilisks
  A hungry ghost (D:14)
  Menkaure (D:5)
  4 wargs
  A naga (Lair:3)
  8 water moccasins
  6 hell hounds (Lair:6)
  A porcupine (Lair:3)
  An acid dragon (Vaults:1)
  11 orc warriors
  4 black bears
  An eye of draining (D:11)
  14 ogres
  5 boggarts
  10 wolves
  A centaur (D:12)
  An orc skeleton (Vaults:2)
  A big kobold (D:14)
  4 crocodiles
  7 bullfrogs
  A glowing shapeshifter simulacrum (Vaults:2)
  2 killer bees (D:11)
  A howler monkey (D:7)
  A crimson imp (D:15)
  A quasit (D:11)
  5 hounds
  An orc priest (Orc:1)
  9 orc wizards
  A worker ant (D:14)
  A killer bee zombie (D:6)
  A hound skeleton (D:4)
  An adder (D:12)
  4 gnolls
  A shadow imp (D:6)
  An adder skeleton (D:6)
  An adder zombie (D:5)
  A leopard gecko (D:1)
  21 orcs
  A giant cockroach (D:3)
  A goblin (D:3)
  2 frilled lizards
  3 kobolds
  3 rats (Sewer)
  A bush (Lair:3)
  2 fungi
  2 plants
377 creatures vanquished.

Vanquished Creatures (others)
  A merfolk aquamancer (Shoals:4)
  A harpy (Shoals:4)
  A manticore (Shoals:4)
  A faun (Shoals:1)
  2 yaktaurs
  A merfolk (Shoals:1)
  A shadow (D:14)
  A centaur (D:12)
  A wolf (Lair:6)
  A boggart (Vaults:3)
  An orc wizard (D:14)
  A bush (Shoals:4)
  11 fungi
  23 plants
  4 withered plants (Orc:2)
51 creatures vanquished.

Grand Total: 1279 creatures vanquished

Notes
Turn   | Place    | Note
-------+----------+-------------------------------------------
     0 | D:1      | KoboldVaak the Kobold Necromancer began the quest for the
                  | Orb.
     0 | D:1      | Reached XP level 1. HP: 10/10 MP: 3/3
    32 | D:1      | Learned a level 1 spell: Animate Skeleton
   103 | D:1      | Reached XP level 2. HP: 12/15 MP: 0/5
   702 | D:1      | Reached XP level 3. HP: 18/20 MP: 2/6
   707 | D:1      | Learned a level 3 spell: Vampiric Draining
  1554 | D:3      | Found a glowing drain.
  1594 | D:3      | Gained mutation: You tend to lose your temper in combat.
                  | [potion of mutation]
  1594 | D:3      | Gained mutation: You are partially covered in iridescent
                  | scales. (AC +2) [potion of mutation]
  1595 | D:3      | Lost mutation: You tend to lose your temper in combat.
                  | [potion of mutation]
  1595 | D:3      | Gained mutation: You are weak. (Str -2) [potion of
                  | mutation]
  1595 | D:3      | Gained mutation: You are agile. (Dex +2) [potion of
                  | mutation]
  1601 | Sewer    | Entered a sewer
  1729 | Sewer    | Reached XP level 4. HP: 23/24 MP: 5/8
  1748 | Sewer    | Reached skill level 1 in Fighting
  1890 | Sewer    | Reached skill level 1 in Short Blades
  2377 | D:3      | Reached XP level 5. HP: 22/29 MP: 3/9
  2784 | D:4      | Found a staircase to the Ecumenical Temple.
  2800 | Temple   | Entered the Ecumenical Temple
  2857 | Temple   | Became a worshipper of Kikubaaqudgha
  2875 | D:4      | Reached skill level 1 in Throwing
  3000 | D:4      | Found a glowing silver altar of Zin.
  3039 | D:4      | Reached XP level 6. HP: 18/34 MP: 4/11
  3044 | D:4      | Learned a level 3 spell: Regeneration
  3049 | D:4      | Learned a level 4 spell: Animate Dead
  3602 | D:4      | Reached skill level 5 in Necromancy
  3894 | D:4      | Found Huulea Hinn's Food Shop.
  3967 | D:4      | Reached XP level 7. HP: 39/40 MP: 9/12
  4078 | D:5      | Entered Level 5 of the Dungeon
  4078 | D:5      | Noticed Menkaure
  4128 | D:4      | Reached skill level 1 in Evocations
  4412 | D:5      | Noticed Eustachio
  4413 | D:5      | Found Qoredamn's Jewellery Emporium.
  4494 | D:5      | Reached * piety under Kikubaaqudgha
  4494 | D:5      | Identified Kikubaaqudgha's Collected Works on Necromancy
                  | (Kikubaaqudgha gifted it to you on level 5 of the Dungeon)
  4494 | D:5      | Received a gift from Kikubaaqudgha
  4499 | D:5      | Learned a level 2 spell: Sublimation of Blood
  4535 | D:5      | Reached skill level 1 in Charms
  4708 | D:5      | Killed Eustachio
  4708 | D:5      | Reached XP level 8. HP: 30/45 MP: 5/14
  4755 | D:5      | Noticed Blork the orc
  4947 | D:5      | Found a hide-covered altar of Uskayaw.
  5202 | D:5      | Killed Blork the orc
  5266 | D:5      | Killed Menkaure
  5368 | D:6      | Reached skill level 5 in Stealth
  5438 | D:6      | Reached skill level 5 in Spellcasting
  5483 | D:6      | Found a sparkling altar of Nemelex Xobeh.
  5553 | D:6      | Noticed Pikel
  5575 | D:6      | Killed Pikel
  5575 | D:6      | Reached skill level 6 in Necromancy
  5575 | D:6      | Reached XP level 9. HP: 37/51 MP: 14/17
  6090 | D:6      | Reached ** piety under Kikubaaqudgha
  6440 | D:7      | Reached skill level 5 in Dodging
  6500 | D:7      | Noticed Joseph
  6553 | D:7      | Found a burning altar of Makhleb.
  6621 | D:7      | Found Ytze's Antique Weapon Boutique.
  6758 | D:7      | Found Fiegof's Armour Boutique.
  6765 | D:7      | Bought a +1 buckler of positive energy for 148 gold pieces
  6777 | D:7      | Found Uryme's Gadget Shop.
  7124 | D:7      | Reached skill level 7 in Necromancy
  7124 | D:7      | Reached XP level 10. HP: 47/56 MP: 8/19
  7238 | D:7      | Reached skill level 5 in Short Blades
  7393 | D:7      | Learned a level 2 spell: Corpse Rot
  7530 | D:7      | Found Weqoulon's Armour Shoppe.
  7532 | D:7      | Found Hij Goci's Food Emporium.
  7651 | D:7      | Got an ancient leather armour
  7662 | D:7      | Identified the +1 leather armour "Jeduxt" {rF- rN+ Regen+
                  | Int+7} (You found it on level 7 of the Dungeon)
  7772 | D:8      | Found a radiant altar of Vehumet.
  7858 | D:8      | Reached *** piety under Kikubaaqudgha
  7858 | D:8      | Identified Kikubaaqudgha's Grimoire of Darkness
                  | (Kikubaaqudgha gifted it to you on level 8 of the Dungeon)
  7858 | D:8      | Received a gift from Kikubaaqudgha
  7898 | D:8      | Learned a level 5 spell: Dispel Undead
  8351 | D:8      | Noticed Harold
  8399 | D:8      | Killed Harold
  9215 | D:9      | Reached skill level 5 in Evocations
  9309 | D:9      | Noticed a two-headed ogre
  9401 | D:10     | Entered Level 10 of the Dungeon
  9437 | D:10     | Reached skill level 5 in Fighting
  9437 | D:10     | Reached XP level 11. HP: 63/63 MP: 21/21
  9579 | D:10     | Found a stormy altar of Qazlal.
  9588 | D:10     | Noticed Erica
  9632 | D:10     | Noticed a purple ugly thing
  9645 | D:10     | Found a runed translucent door.
  9645 | D:10     | Noticed a flayed ghost
  9646 | D:10     | Noticed a skeletal warrior
  9646 | D:10     | Noticed a two-headed ogre
  9646 | D:10     | Noticed a necromancer
  9648 | D:10     | Noticed a deep troll earth mage
  9649 | D:10     | Noticed a lich
  9650 | D:10     | Noticed Hicwag's ghost (journeyman GrFi)
  9652 | D:10     | Found a runed translucent door.
  9679 | D:10     | Reached skill level 5 in Throwing
  9679 | D:10     | Reached skill level 8 in Necromancy
 10002 | D:10     | Noticed an elephant
 10028 | D:10     | Reached **** piety under Kikubaaqudgha
 10082 | D:10     | Found a staircase to the Lair.
 10104 | D:10     | Killed an elephant
 10129 | D:10     | Killed a purple ugly thing
 10158 | D:10     | Noticed a skeletal warrior
 10351 | D:11     | Noticed a cyclops
 10373 | D:11     | Killed a cyclops
 10614 | D:11     | Paralysed by a hornet for 1 turns
 10649 | D:11     | Paralysed by a hornet for 1 turns
 10726 | D:11     | Found a glowing golden altar of the Shining One.
 11082 | D:11     | Noticed Maurice
 11180 | D:11     | Killed Maurice
 11581 | D:12     | Noticed a two-headed ogre
 11617 | D:12     | Found Yvof's General Store.
 11617 | D:12     | Found Wenlac's Food Shop.
 11641 | D:12     | Noticed a two-headed ogre
 11685 | D:12     | Found Payhy's Food Boutique.
 11730 | D:12     | Found Holumni's Gadget Boutique.
 11780 | D:12     | Noticed a death knight
 11780 | D:12     | Noticed an orc knight
 11780 | D:12     | Identified the cursed +1 ring mail "Unty" {rElec rPois
                  | Str+4}
 11874 | D:11     | Learned a level 5 spell: Agony
 12046 | D:12     | Noticed a manticore
 12055 | D:12     | Found a staircase to the Orcish Mines.
 12133 | Lair:1   | Entered Level 1 of the Lair of Beasts
 12339 | Lair:1   | Reached XP level 12. HP: 69/69 MP: 24/24
 12366 | Lair:1   | Noticed an eight-headed hydra
 12375 | Lair:1   | Killed an eight-headed hydra
 12375 | Lair:1   | Reached skill level 9 in Necromancy
 12441 | Lair:1   | Noticed a seven-headed hydra
 12448 | Lair:1   | Killed a seven-headed hydra
 12448 | Lair:1   | Reached skill level 1 in Shields
 12694 | Lair:1   | Reached ***** piety under Kikubaaqudgha
 13176 | Lair:2   | Noticed a seven-headed hydra
 13202 | Lair:2   | Killed a seven-headed hydra
 13514 | Lair:2   | Noticed a four-headed hydra
 13530 | Lair:2   | Killed a four-headed hydra
 14156 | Lair:3   | Reached XP level 13. HP: 76/76 MP: 26/26
 14261 | Lair:3   | Found a staircase to the Snake Pit.
 14362 | Lair:3   | Found a staircase to the Shoals.
 14381 | Lair:3   | Reached skill level 5 in Charms
 14381 | Lair:3   | Reached skill level 10 in Necromancy
 15531 | Lair:4   | Got a translucent jade ring
 15883 | Lair:5   | Reached skill level 10 in Stealth
 16573 | Lair:6   | Entered Level 6 of the Lair of Beasts
 16573 | Lair:6   | Noticed an eight-headed hydra
 16573 | Lair:6   | Noticed an eight-headed hydra
 16672 | Lair:6   | Reached skill level 10 in Spellcasting
 16687 | Lair:6   | Killed an eight-headed hydra
 16689 | Lair:6   | Noticed a seven-headed hydra
 16694 | Lair:6   | Killed a seven-headed hydra
 16698 | Lair:6   | Killed an eight-headed hydra
 16717 | Lair:6   | Reached ****** piety under Kikubaaqudgha
 16729 | Lair:6   | Received a gift from Kikubaaqudgha
 16833 | Lair:6   | Reached XP level 14. HP: 83/83 MP: 28/28
 17047 | Lair:6   | Found a viscous altar of Jiyva.
 17048 | Lair:6   | Found a staircase to the Slime Pits.
 17146 | Lair:6   | Identified the ring "Pocw" {rElec AC+1} (You found it on
                  | level 4 of the Lair of Beasts)
 17388 | Lair:6   | Noticed a dire elephant
 18019 | Lair:6   | Killed a dire elephant
 18019 | Lair:6   | Reached skill level 11 in Necromancy
 18865 | D:12     | Noticed Frances
 19116 | D:12     | Learned a level 5 spell: Bolt of Draining
 19385 | D:12     | Bought a scroll of enchant weapon for 75 gold pieces
 19385 | D:12     | Bought a scroll of identify for 20 gold pieces
 19385 | D:12     | Bought a potion of cancellation for 80 gold pieces
 19385 | D:12     | Bought a scroll of identify for 20 gold pieces
 19385 | D:12     | Bought a scroll of remove curse for 30 gold pieces
 19632 | D:12     | Killed Frances
 20199 | D:12     | Bought a potion of haste for 100 gold pieces
 20199 | D:12     | Bought a potion of curing for 30 gold pieces
 20472 | D:13     | Reached XP level 15. HP: 89/89 MP: 30/30
 20542 | D:13     | Reached skill level 10 in Short Blades
 21434 | D:14     | Found a gate to the Vaults.
 21434 | D:14     | Noticed an ironheart preserver
 21449 | D:14     | Killed an ironheart preserver
 21766 | D:14     | Found Ynkiat's Demolitions Depot.
 21783 | D:14     | Noticed Nessos
 22009 | D:14     | Found a blossoming altar of Fedhas.
 22294 | D:14     | Reached skill level 12 in Necromancy
 22344 | D:14     | Reached skill level 10 in Dodging
 22482 | D:14     | Reached skill level 5 in Shields
 22855 | D:15     | Entered Level 15 of the Dungeon
 23514 | D:15     | Reached skill level 1 in Conjurations
 23796 | D:15     | Noticed an emperor scorpion
 23800 | D:15     | Reached XP level 16. HP: 74/96 MP: 16/32
 24064 | D:15     | Found a staircase to the Depths.
 24271 | D:12     | Reached skill level 10 in Evocations
 24315 | Orc:1    | Entered Level 1 of the Orcish Mines
 24499 | Orc:1    | Found a roughly hewn altar of Beogh.
 24718 | Orc:1    | Found a dark tunnel.
 24772 | Orc:2    | Entered Level 2 of the Orcish Mines
 25505 | Orc:2    | Found a runed translucent gate.
 25506 | Orc:2    | Found a runed translucent gate.
 25507 | Orc:2    | Found a runed translucent gate.
 25510 | Orc:2    | Noticed Charmandara's ghost (journeyman HuGl)
 25518 | Orc:2    | Noticed HaroldFreecs's ghost (journeyman MiFi)
 25518 | Orc:2    | Noticed particleface's ghost (journeyman DgFi)
 25531 | Orc:2    | Killed particleface's ghost
 25550 | Orc:2    | Killed HaroldFreecs's ghost
 25565 | Orc:2    | Killed Charmandara's ghost
 25665 | Orc:2    | Found Conuqorgh's Gadget Boutique.
 25665 | Orc:2    | Found Dydghyorr's Gadget Emporium.
 25719 | Orc:2    | Found a roughly hewn altar of Beogh.
 25818 | Orc:2    | Found Ycateker's Distillery.
 25818 | Orc:2    | Found Meot's General Store.
 25831 | Orc:2    | Bought a scroll of identify for 28 gold pieces
 25912 | Orc:2    | Bought a potion of haste for 110 gold pieces
 25912 | Orc:2    | Bought a potion of curing for 33 gold pieces
 25912 | Orc:2    | Bought a potion of heal wounds for 55 gold pieces
 25954 | Orc:2    | Bought a wand of paralysis (9) for 154 gold pieces
 25963 | Orc:2    | Bought a wand of paralysis (11) for 195 gold pieces
 26170 | Orc:2    | Found a staircase to the Elven Halls.
 26190 | Orc:2    | Reached skill level 13 in Necromancy
 26315 | Orc:2    | Found Uzxuy's Distillery.
 26323 | Orc:2    | Bought a potion of curing for 51 gold pieces
 26323 | Orc:2    | Bought a potion of haste for 170 gold pieces
 26323 | Orc:2    | Bought a potion of heal wounds for 85 gold pieces
 26323 | Orc:2    | Bought a potion of curing for 51 gold pieces
 26323 | Orc:2    | Bought a potion of heal wounds for 85 gold pieces
 26540 | Elf:1    | Entered Level 1 of the Elven Halls
 26973 | Orc:1    | Reached skill level 10 in Fighting
 27515 | Shoals:1 | Entered Level 1 of the Shoals
 27827 | Shoals:1 | Found a transporter.
 27882 | Shoals:1 | Found a transporter.
 28805 | Shoals:1 | Reached XP level 17. HP: 91/102 MP: 29/33
 30589 | Shoals:4 | Entered Level 4 of the Shoals
 30819 | Shoals:4 | Found Syh Oxed's Magic Scroll Shop.
 30838 | Shoals:4 | Bought 3 scrolls of teleportation for 135 gold pieces
 30838 | Shoals:4 | Bought a scroll of enchant weapon for 112 gold pieces
 30838 | Shoals:4 | Bought a scroll of blinking for 112 gold pieces
 30838 | Shoals:4 | Bought a scroll of identify for 30 gold pieces
 30838 | Shoals:4 | Bought a scroll of teleportation for 45 gold pieces
 30838 | Shoals:4 | Bought a scroll of teleportation for 45 gold pieces
 30838 | Shoals:4 | Bought a scroll of identify for 30 gold pieces
 31262 | Shoals:4 | Reached skill level 5 in Conjurations
 31560 | Shoals:4 | Got a barnacled rune of Zot
 31911 | Vaults:1 | Entered Level 1 of the Vaults
 31963 | Vaults:1 | Reached skill level 14 in Necromancy
 32050 | Vaults:1 | Noticed a tengu reaver
 32055 | Vaults:1 | Noticed a tentacled monstrosity
 32163 | D:14     | Killed a tentacled monstrosity
 32275 | Vaults:1 | Got an ancient robe
 32286 | Vaults:1 | Identified the +1 robe "Peicur" {MR+ Stlth+} (You found it
                  | on level 1 of the Vaults)
 32355 | Vaults:1 | Learned a level 8 spell: Infestation
 32424 | Vaults:1 | Reached XP level 18. HP: 64/108 MP: 31/35
 32925 | Vaults:1 | Got a shimmering ring mail
 32936 | Vaults:1 | Identified the +4 ring mail of Teunuofu {rN+} (You found it
                  | on level 1 of the Vaults)
 33059 | Vaults:1 | Found Usian's Antique Weapon Boutique.
 33886 | Vaults:2 | Noticed Xtahua
 33976 | Vaults:2 | Noticed Frederick
 34008 | Vaults:2 | Killed Frederick
 34560 | Vaults:2 | Paralysed by Xtahua for 2 turns
 34566 | Vaults:2 | Killed Xtahua
 35243 | Vaults:2 | Found a staircase to the Crypt.
 35243 | Vaults:2 | Found a basalt altar of Yredelemnul.
 35244 | Vaults:2 | Found an ancient bone altar of Kikubaaqudgha.
 35610 | Vaults:3 | Learned a level 5 spell: Aura of Abjuration
 35744 | Vaults:3 | Reached skill level 15 in Necromancy
 35744 | Vaults:3 | Reached XP level 19. HP: 115/115 MP: 29/37
 36619 | Vaults:4 | Killed from afar by a crystal guardian

Levels and vault maps discovered:
D:1:      psy_arrival_radial02, layout_basic
D:2:      layout_rooms, first_ration
D:3:      layout_basic, cheibrodos_sewer_entry_drain,
          minmay_fractal_squares_diagonal_5
D:4:      layout_gridville, minmay_temple_entry_glass, serial_shops,
          shop_fountains, minmay_ruined_shrine
D:5:      layout_rooms, lemuel_round_altar, serial_shops, shop,
          chequers_serial_rivers_micro_e, saegor_snake_ambush, uniq_menkaure,
          uniq_eustachio, uniq_blork_the_orc
D:6:      layout_loops_corners, nemelex_diamond_rough_becter, uniq_pikel
D:7:      layout_basic, kennysheep_little_box, serial_shops,
          nicolae_shop_crystal, shop_fountains, shop, shop, shop, uniq_joseph
D:8:      lemuel_slime, layout_cave_pods, vehumet_altar_wand_db, uniq_harold
D:9:      layout_gridville, marbit_many_paths, grunt_temple_overflow_open,
          kennysheep_mini
D:10:     layout_basic, david_lair_generic, muffindrake_ghost_dual_entry,
          hangedman_fish_farm, nicolae_qazlal_general_emergency, uniq_erica
D:11:     layout_basic, gauntlet_entry_generic, grunt_ministairs_9,
          nrook_mini_vaults, roderic_batcave, nicolae_tso_swordbearing_angel,
          uniq_maurice
D:12:     layout_long_grid, david_orc_1_choice, serial_shops, shop,
          shop_fountains, nicolae_shop_waterfront, shop, kennysheep_minor_cross,
          uniq_frances
D:13:     layout_basic, hangedman_decor_opposing
D:14:     layout_basic, skrybe_vaults_entry_preservation, fedhas_altar_1,
          nicolae_blasting_shop, minmay_the_grid_2x2 [minmay_the_grid_garden,
          minmay_the_grid_slots, minmay_the_grid_gridbox,
          minmay_the_grid_prize_four_corners], uniq_nessos
D:15:     hangedman_depths_entry_try_elsewhere_first, layout_rooms,
          hangedman_abyss_or_decor_passed
Temple:   eino_temple_water
Lair:1:   layout_chaotic_city, grunt_megastairs_2
Lair:2:   layout_gridlike, grunt_megastairs_4, serial_bayou_shore_a
Lair:3:   beast_lair_carwin_large_4, layout_small_grid,
          elwin_shoals_entry_rooms, minmay_snake_entry_guardpost_medium,
          grunt_megastairs_3
Lair:4:   layout_big_grid
Lair:5:   layout_loops_ring, lemuel_fruit_fields
Lair:6:   hangedman_lair_caniforms_friends, layout_gridlike, slime_altar_1,
          columned_hall_lemuel, grunt_megastairs_5
Shoals:1: gammafunk_its_a_trap, layout_shoals
Shoals:2: layout_shoals, nicolae_shoals_seven_spires
Shoals:3: layout_shoals
Shoals:4: shoals_end_grunt_ice, layout_shoals, serial_shops,
          nicolae_shop_crystal, yaktaur_hedge, uniq_nikola
Orc:1:    layout_caves, nicolae_volcano_entry_batcave, basic_altar
Orc:2:    st_orc_town, layout_caves, gammafunk_ghost_cemetery, serial_shops,
          shop, elves_outpost_lemuel
Elf:1:    eino_elf_arrival_customs, layout_loops_corners, serial_shops, shop,
          portal_desolation_entry_nicolae_nacl, minmay_elf_crystal_hexagon,
          minmay_misc_feat_five
Vaults:1: v_misc_32, nicolae_vaults_mini_display_case, vaults_standard_mumra_x,
          v_misc_3, vaults_room_glass_cross, grunt_vaults_trifunnel, v_misc_11,
          v_misc_17, grunt_vaults_diagonal, nicolae_vaults_angled_halls,
          nicolae_vaults_angled_halls, vaults_room_hallway,
          vaults_room_door_ring, nicolae_vaults_little_squares_4,
          layout_vaults_ring, serial_shops, shop
Vaults:2: vaults_room_stairs_pillars, minmay_crypt_entry_necro_gods,
          hangedman_vaults_nodes, vaults_room_semicircle,
          vaults_room_stairs_pillars, vaults_dpeg_encased_lava,
          vaults_room_fours, layout_vaults_quadrants, uniq_frederick,
          uniq_xtahua
Vaults:3: vaults_mumra_chevron_long, v_misc_15, nicolae_vaults_disjoint_gnomons,
          v_misc_25, vaults_room_fancy_cross, grunt_vaults_focal, v_misc_26,
          hangedman_vaults_hard_town_square, v_pattern_1, v_misc_11,
          hangedman_vaults_hat, vaults_room_hallway, layout_vaults_maze
Vaults:4: nicolae_vaults_windows_and_doors_thing, nicolae_vaults_network_star,
          st_cells, v_pattern_3, nicolae_vaults_little_squares_3, v_misc_15,
          vaults_dpeg_cross, hangedman_vaults_corner_blocks,
          hangedman_vaults_stagger, v_misc_12, v_misc_18, serial_ice_g,
          ontoclasm_vaults_ring_small, vaults_room_pools,
          ontoclasm_vaults_hangar, layout_vaults_omnibox, uniq_saint_roka

Skill      XL: |  1  2  3  4  5  6  7  8  9 10 11 12 13 14 15 16 17 18 |
---------------+-------------------------------------------------------+-----
Stealth        | 3 4 5 6 7 8 9 10 11 12 13 14 | 14.9
Fighting       | 1 2 3 4 5 6 7 8 9 10 11 | 11.8
Spellcasting   | 3 4 5 6 7 8 9 10 11 12 13 14 | 14.8
Short Blades   | 1 2 3 4 5 6 8 9 10 | 10.0
Throwing       | 1 2 3 4 5 6 |  6.0
Dodging        | 3 4 5 6 7 8 9 10 11 12 | 12.8
Necromancy     | 5 6 7 8 9 10 11 12 13 14 15 | 15.2
Evocations     | 1 2 3 5 6 7 8 9 10 11 12 | 12.5
Charms         | 1 2 3 4 5 6 |  6.0
Shields        | 2 3 4 5 |  5.6
Conjurations   | 2 4 5 6 |  6.0

Action                   |  1- 3 |  4- 6 |  7- 9 | 10-12 | 13-15 | 16-18 | 19-21 || total
-------------------------+-------+-------+-------+-------+-------+-------+-------++-------
Melee: Short sword       |    12 |       |       |       |       |       |       ||    12
       Dagger            |     2 |    30 |   271 |   413 |  1147 |  1409 |    78 ||  3350
       Rapier            |       |       |     8 |   174 |   164 |       |       ||   346
Throw: Throwing net      |     1 |     1 |       |       |     1 |       |       ||     3
       Dart              |       |    19 |    26 |    46 |    78 |    73 |       ||   242
 Cast: Pain              |    63 |    88 |   147 |   230 |   237 |   184 |       ||   949
       Animate Skeleton  |    16 |    20 |    18 |    48 |    76 |    63 |     4 ||   245
       Vampiric Draining |     1 |     2 |     4 |    18 |    17 |    44 |       ||    86
       Regeneration      |       |     2 |    15 |    26 |    40 |    58 |     4 ||   145
       Sublimation of Bl |       |       |     1 |     8 |    18 |    28 |       ||    55
       Animate Dead      |       |       |     1 |    14 |    35 |    38 |     3 ||    91
       Dispel Undead     |       |       |       |     4 |    20 |    14 |     4 ||    42
       Corpse Rot        |       |       |       |     1 |       |       |       ||     1
       Agony             |       |       |       |       |    39 |    24 |       ||    63
       Bolt of Draining  |       |       |       |       |    13 |    40 |       ||    53
       Infestation       |       |       |       |       |       |    20 |     4 ||    24
Invok: Receive Corpses   |       |       |       |     1 |     2 |     2 |       ||     5
       Receive Necronomi |       |       |       |       |     1 |       |       ||     1
       Torment           |       |       |       |       |     1 |       |       ||     1
Evoke: Wand              |       |       |     6 |     8 |    13 |    17 |       ||    44
       Lamp of fire      |       |       |       |       |     1 |       |       ||     1
  Use: Scroll            |     6 |     1 |     4 |    11 |    17 |     5 |     1 ||    45
       Potion            |     2 |       |       |     1 |     4 |     3 |       ||    10
 Stab: Distracted        |     1 |       |     1 |     2 |    10 |    12 |       ||    26
       Paralysed         |       |       |     1 |     5 |       |       |       ||     6
       Sleeping          |       |       |     3 |    22 |    13 |    16 |     1 ||    55
       Petrified         |       |       |       |       |     1 |       |       ||     1
       Invisible         |       |       |       |       |       |     1 |       ||     1
  Eat: Chunk             |    11 |     8 |    11 |    26 |    35 |    67 |     5 ||   163
Armor: Leather armour    |     6 |    11 |    91 |   150 |   259 |    39 |       ||   556
       Troll leather arm |       |       |       |       |       |    62 |       ||    62
       Robe              |       |       |       |       |       |    63 |     7 ||    70
Dodge: Dodged            |    17 |    39 |   191 |   428 |   663 |   667 |    49 ||  2054
Block: Buckler           |       |       |     5 |   220 |   625 |   817 |    43 ||  1710
       Reflection        |       |       |       |     4 |    25 |    66 |     4 ||    99
